 Dungeon Crawl Stone Soup version 0.31-a0-1309-gbf3fed316f (webtiles) character file.

Game seed: 6543223840028594028

16224 skfef the Protected (level 12, -1/110 HPs)
             Began as a Minotaur Fighter on Dec 20, 2023.
             Was the Champion of Okawaru.
             Slain by a skeletal warrior
             ... wielding a +0 glaive
              (16 damage)
             ... on level 12 of the Dungeon.
             The game lasted 00:16:29 (9646 turns).

skfef the Protected (Minotaur Fighter)              Turns: 9646, Time: 00:16:29

Health: -1/110     AC: 33    Str: 24    XL:     12   Next: 8%
Magic:  12/12      EV: 13    Int:  5    God:    Okawaru [******]
Gold:   697        SH:  7    Dex: 14    Spells: 11/11 levels left

rFire   . . .        w - +2 war axe (flame)
rCold   . . .        c - +0 buckler
rNeg    . . .        C - +9 chain mail of Inaction {^Drain rElec Dex+2}
rPois   .            i - +2 hat
rElec   +            o - +2 cloak
rCorr   .            f - +1 pair of gloves
SInv    +            (no boots)
Will    .....        j - amulet of regeneration Stlth
                     G - +4 ring of protection
HPRegen 1.18/turn    F - ring of see invisible
MPRegen 0.13/turn

%: no passive effects
@: no status effects
A: horns 2, retaliatory headbutt
a: Renounce Religion, Heroism, Finesse, Duel


You were on level 12 of the Dungeon.
You worshipped Okawaru.
Okawaru was exalted by your worship.
You visited 2 branches of the dungeon, and saw 13 of its levels.

You collected 697 gold pieces.

Inventory:

Hand Weapons
 w - a +2 war axe of flaming (weapon)
 B - a +0 broad axe of electrocution
Missiles
 k - a throwing net
Armour
 c - a +0 buckler (worn)
 d - the +1 plate armour "Nerofan" {rC+}
   (You found it on level 10 of the Dungeon)

   rC+:       It protects you from cold.
 f - a +1 pair of gloves (worn)
 i - a +2 hat (worn)
 o - a +2 cloak (worn)
 C - the +9 chain mail of Inaction (worn) {^Drain rElec Dex+2}
   (Okawaru gifted it to you on level 10 of the Dungeon)

   Dex+2:     It affects your dexterity (+2).
   rElec:     It insulates you from electricity.
   ^Drain:    It drains your maximum health when unequipped.
Jewellery
 e - a ring of protection from fire
 j - an amulet of regeneration (around neck)
 A - a ring of flight
 F - a ring of see invisible (right hand)
 G - a +4 ring of protection (left hand)
 H - the ring "Goisew" {Wiz +Blink rElec Dex-5}
   (You found it on level 11 of the Dungeon)

   [ring of wizardry]

   Wiz:       It improves your spell success rate.
   Dex-5:     It affects your dexterity (-5).
   rElec:     It insulates you from electricity.
   +Blink:    It lets you blink.
Wands
 n - a wand of digging (3)
 q - a wand of flame (22)
 r - a wand of iceblast (8)
 v - a wand of acid (9)
 y - a wand of polymorph (4)
Scrolls
 s - a scroll of brand weapon
 x - 2 scrolls of revelation
 D - a scroll of teleportation
Potions
 a - a potion of enlightenment
 b - 2 potions of berserk rage
 g - 3 potions of curing
 h - a potion of might
 l - 3 potions of lignification
 m - 2 potions of attraction
 t - 2 potions of haste
 u - a potion of ambrosia {unknown}
 z - 2 potions of heal wounds
 E - a potion of experience {unknown}


   Skills:
 + Level 11.2 Fighting
 + Level 10.9 Axes
 + Level 11.2 Armour
 + Level 9.7 Dodging
 + Level 11.2 Shields
 + Level 2.0 Invocations


You had 11 spell levels left.
You didn't know any spells.
Your spell library contained the following spells:

 Spells                   Type           Power      Damage    Failure   Level
 Static Discharge         Conj/Air       0%         3-3/arc   98%         2
 Hailstorm                Conj/Ice       0%         3d5       100%        3
 Inner Flame              Hex/Fire       0%         N/A       100%        3
 Sigil of Binding         Hex            0%         N/A       100%        3
 Airstrike                Air            0%         2d(0-16)  100%        4
 Dimensional Bullseye     Hex/Tloc       0%         N/A       100%        4
 Yara's Violent Unravell  Hex/Tmut       0%         3d3       100%        5
 Enfeeble                 Hex            0%         N/A       100%        7
 Call Canine Familiar     Summ           Unusable   N/A       N/A         3
 Summon Ice Beast         Ice/Summ       Unusable   N/A       N/A         4
 Summon Lightning Spire   Summ/Air       Unusable   N/A       N/A         4
 Simulacrum               Ice/Necr       Unusable   N/A       N/A         6

Dungeon Overview and Level Annotations

Branches:
Dungeon (12/15)            Temple (1/1) D:5            Lair (0/5) D:9
    Orc (0/2) D:12

Altars:
Ashenzari
Cheibriados
Dithmenos
Elyvilon
Fedhas
Gozag
Hepliaklqana
Kikubaaqudgha
Makhleb
Nemelex Xobeh
Okawaru
Qazlal
Ru
Sif Muna
Trog
Uskayaw
Vehumet
Wu Jian
Xom
Yredelemnul
Zin
The Shining One

Shops:
D:6 =   D:8 *

Annotations:
D:7 2 transporters, YordlordTheGreat's ghost, novice HOGl
D:10 exclusion: orange crystal statue


Innate Abilities, Weirdness & Mutations

You have a pair of horns on your head.
You reflexively headbutt those who attack you in melee.


Message History

The skeletal warrior is severely damaged.
You hit the skeletal warrior but do no damage.
You block the skeletal warrior's attack.
The skeletal warrior hits you but does no damage.
Unknown command.
Unknown command.
You closely miss the skeletal warrior.
The skeletal warrior is severely damaged.
You hit the skeletal warrior but do no damage.
The skeletal warrior closely misses you.
You block the skeletal warrior's attack.
Unknown command.
You closely miss the skeletal warrior.
The skeletal warrior is severely damaged.
You closely miss the skeletal warrior.
The skeletal warrior closely misses you.
You furiously retaliate!
You headbutt the skeletal warrior!
You block the skeletal warrior's attack.
Unknown command.
You hit the skeletal warrior but do no damage.
The skeletal warrior is severely damaged.
You hit the skeletal warrior but do no damage.
The skeletal warrior hits you with a +0 glaive of flaming!!
The skeletal warrior burns you.
The skeletal warrior hits you with a +0 glaive.
Unknown command.
Unknown command.
You closely miss the skeletal warrior.
You headbutt the skeletal warrior, but do no damage.
The skeletal warrior is severely damaged.
You hit the skeletal warrior but do no damage.
The skeletal warrior hits you with a +0 glaive!!
* * * LOW HITPOINT WARNING * * *
The skeletal warrior hits you but does no damage.
You hit the skeletal warrior but do no damage.
Your headbutt misses the skeletal warrior.
The skeletal warrior is severely damaged.
You hit the skeletal warrior. You burn the skeletal warrior.
The skeletal warrior hits you with a +0 glaive!
You die...

.> ... ..
... ##.##.#
.....##
.....# #=..#
#z.### .#.
###@z..#....
#...........
#.........#.
#.........#
#.....###.##
#.....# ##
#..#.##
#>##.# ## ##


You could see 2 skeletal warriors.

Vanquished Creatures
  2 boulder beetles (D:11)
  3 two-headed ogres
  3 skeletal warriors (D:11)
  An ugly thing (D:11)
  A gargoyle (D:10)
  3 unseen horrors
  A rime drake (D:9)
  A komodo dragon (D:10)
  A kobold demonologist (D:11)
  4 trolls (D:11)
  Grinder (D:5)
  2 hornets
  A glass eye (D:11)
  2 shadows (D:11)
  A wraith (D:11)
  4 vampires (D:11)
  8 yaks
  3 wyverns
  A steam dragon (D:8)
  A vampire mosquito (D:11)
  Edmund (D:4)
  An acid dragon (D:11)
  3 water moccasins
  8 ice beasts
  5 orc warriors
  A sky beast (D:8)
  A wolf (D:9)
  7 centaurs
  2 ogres
  2 bullfrogs (D:6)
  2 kobold brigands
  A scorpion (D:5)
  3 wights (D:9)
  11 killer bees
  9 howler monkeys
  2 jellies (D:7)
  7 hounds
  Crazy Yiuf (D:2)
  3 gnoll boudas
  4 iguanas
  8 orc wizards
  A mummy (D:7)
  9 gnolls
  10 adders
  A shadow imp (D:7)
  2 white imps (D:7)
  2 ufetubi (D:7)
  4 worms
  2 dart slugs
  37 orcs
  7 ball pythons
  4 bats
  5 endoplasms
  3 giant cockroaches
  A goblin (D:4)
  6 hobgoblins
  13 kobolds
  6 quokkas
  2 frilled lizards
  8 rats
249 creatures vanquished.

Notes
Turn   | Place    | Note
-------+----------+-------------------------------------------
     0 | D:1      | skfef the Minotaur Fighter began the quest for the Orb.
     0 | D:1      | Reached XP level 1. HP: 19/19 MP: 0/0
    89 | D:1      | Found a faded altar of an unknown god.
   128 | D:1      | Reached XP level 2. HP: 27/27 MP: 1/1
   319 | D:1      | Reached skill level 1 in Dodging
   747 | D:2      | Reached XP level 3. HP: 33/33 MP: 2/2
   953 | D:2      | You fall into a shaft and drop 2 floors!
   966 | D:4      | Noticed Edmund
   975 | D:4      | Killed Edmund
   976 | D:4      | Reached XP level 4. HP: 6/41 MP: 3/3
   976 | D:4      | Reached XP level 5. HP: 6/47 MP: 4/4
  1189 | D:3      | Found an iron altar of Okawaru.
  1192 | D:3      | Found an ornate altar of the Wu Jian Council.
  1197 | D:3      | Found a basalt altar of Yredelemnul.
  1202 | D:3      | Became a worshipper of Warmaster Okawaru
  1416 | D:2      | Found a runed translucent door.
  1417 | D:2      | Noticed Crazy Yiuf
  1606 | D:2      | Killed Crazy Yiuf
  2072 | D:3      | Found a sparkling altar of Nemelex Xobeh.
  2326 | D:4      | Identified the +3 whip of Imnotilu {pain, rF+ MP-9 Int-2
                  | Dex+9}
  2335 | D:4      | Reached XP level 6. HP: 50/55 MP: 5/5
  2451 | D:4      | Found a shimmering altar of Xom.
  2640 | D:4      | Reached skill level 5 in Armour
  2640 | D:4      | Reached skill level 5 in Shields
  2689 | D:4      | Reached skill level 5 in Fighting
  2800 | D:4      | Found a shadowy altar of Dithmenos.
  2862 | D:5      | Entered Level 5 of the Dungeon
  2963 | D:5      | Found a staircase to the Ecumenical Temple.
  2973 | Temple   | Entered the Ecumenical Temple
  2998 | D:5      | Found a broken altar of Ashenzari.
  3064 | D:5      | Reached * piety under Okawaru
  3065 | D:5      | Reached XP level 7. HP: 61/61 MP: 6/6
  3124 | D:5      | Noticed a yak
  3125 | D:5      | Noticed a yak
  3147 | D:5      | Noticed a yak
  3151 | D:5      | Killed a yak
  3151 | D:5      | Reached ** piety under Okawaru
  3152 | D:5      | Reached skill level 5 in Axes
  3156 | D:5      | Killed a yak
  3162 | D:5      | Killed a yak
  3163 | D:5      | Reached XP level 8. HP: 48/70 MP: 7/7
  3214 | D:5      | Noticed Grinder
  3224 | D:5      | Killed Grinder
  3753 | D:6      | Reached skill level 5 in Dodging
  3820 | D:6      | Found Rusiereec's Jewellery Shoppe.
  3853 | D:6      | Found a radiant altar of Vehumet.
  3983 | D:6      | Reached *** piety under Okawaru
  4030 | D:6      | Found a burning altar of Makhleb.
  4182 | D:6      | Reached XP level 9. HP: 79/79 MP: 8/8
  4580 | D:7      | Noticed YordlordTheGreat's ghost (novice HOGl)
  4801 | D:7      | Reached **** piety under Okawaru
  4968 | D:7      | Found a shimmering blue altar of Sif Muna.
  5009 | D:7      | Found a transporter.
  5024 | D:7      | Found a transporter.
  5561 | D:7      | Found a snail-covered altar of Cheibriados.
  5984 | D:8      | Noticed a two-headed ogre
  5993 | D:8      | Killed a two-headed ogre
  6052 | D:8      | Found Ogiroudgh's Assorted Antiques.
  6066 | D:8      | Reached ***** piety under Okawaru
  6237 | D:8      | Found a stormy altar of Qazlal.
  6249 | D:8      | Reached XP level 10. HP: 90/90 MP: 9/9
  6693 | D:9      | Found a staircase to the Lair.
  7364 | D:10     | Entered Level 10 of the Dungeon
  7419 | D:10     | Noticed a two-headed ogre
  7424 | D:10     | Killed a two-headed ogre
  7470 | D:10     | Noticed a two-headed ogre
  7478 | D:10     | Killed a two-headed ogre
  7478 | D:10     | Reached ****** piety under Okawaru
  7483 | D:10     | Reached XP level 11. HP: 78/99 MP: 10/10
  7491 | D:10     | Acquired a +0 broad axe of electrocution
  7491 | D:10     | Received a gift from Okawaru
  7493 | D:10     | Acquired the +9 chain mail of Inaction {^Drain rElec Dex+2}
  7493 | D:10     | Received a gift from Okawaru
  7548 | D:10     | Reached skill level 10 in Armour
  7563 | D:10     | Noticed an orange crystal statue
  7850 | D:10     | Paralysed by a hornet for 2 turns
  7856 | D:10     | Received a gift from Okawaru
  7857 | D:10     | Reached skill level 10 in Fighting
  7885 | D:10     | Reached skill level 10 in Shields
  7951 | D:10     | Found a glowing golden altar of the Shining One.
  8007 | D:10     | Found a glowing silver altar of Zin.
  8510 | D:10     | Identified the +1 plate armour "Nerofan" {rC+}
  8797 | D:11     | Noticed a boulder beetle
  8816 | D:11     | Reached skill level 10 in Axes
  8828 | D:11     | Killed a boulder beetle
  8989 | D:11     | Noticed a red ugly thing
  8990 | D:11     | Noticed a boulder beetle
  9004 | D:11     | Killed a red ugly thing
  9004 | D:11     | Received a gift from Okawaru
  9014 | D:11     | Killed a boulder beetle
  9117 | D:11     | Identified the ring "Goisew" {Wiz +Blink rElec Dex-5}
  9223 | D:11     | Reached skill level 1 in Invocations
  9558 | D:12     | Noticed a skeletal warrior
  9558 | D:12     | Noticed a skeletal warrior
  9558 | D:12     | Noticed a skeletal warrior
  9558 | D:12     | Noticed a skeletal warrior
  9558 | D:12     | Noticed a skeletal warrior
  9558 | D:12     | Found a staircase to the Orcish Mines.
  9573 | D:11     | Killed a skeletal warrior
  9594 | D:11     | Killed a skeletal warrior
  9594 | D:11     | Received a gift from Okawaru
  9595 | D:11     | Reached XP level 12. HP: 110/110 MP: 12/12
  9646 | D:12     | Slain by a skeletal warrior

Illustrated notes

Levels and vault maps discovered:
D:1:      amcnicky_arrival_double_pillar, layout_loops_ring,
          chequers_ecumenical_altar_grove, minmay_tromino_i4
D:2:      layout_rooms, nicolae_half_adder, uniq_crazy_yiuf_cottage
D:3:      layout_basic, mainiacjoe_overflow_alcove_4, grunt_temple_overflow_open
D:4:      layout_basic, lemuel_crystal_altar, kennysheep_little_box, uniq_edmund
D:5:      layout_basic, ashenzari_conservatory_becter,
          minmay_temple_entry_junction, uniq_grinder
D:6:      cheibrodos_quashed, layout_loops_ring, nicolae_vehumet_altar_sigil,
          makhleb_heckhound_becter, serial_shops, nicolae_shop_trees
D:7:      minmay_spotlight, layout_layer_cave, slow_altar_2,
          mainiacjoe_overflow_brackets, nzn_ghost_randoct,
          minmay_misc_feat_square
D:8:      layout_gridville, mainiacjoe_overflow_boulevard, serial_shops,
          nicolae_shop_dealshenge, grunt_decor_one_mirror,
          hangedman_decor_riveting
D:9:      layout_grid_maze, hellmonk_lair_entry_icy, nicolae_titane
D:10:     layout_stronghold, nicolae_tso_swordbearing_angel, kennysheep_mini,
          minmay_protected_statue
D:11:     layout_long_grid, onia_ninara_cookie
D:12:     minmay_angry_zag, layout_cave_pools, orc_0_dummy,
          regret_index_xom_of_box
Temple:   hellmonk_temple_of_storms

Skill      XL: |  1  2  3  4  5  6  7  8  9 10 11 12 |
---------------+-------------------------------------+-----
Dodging        | 1 2 3 4 5 6 8 9 |  9.7
Armour         | 4 5 6 7 8 9 11 | 11.2
Shields        | 4 5 6 7 8 9 11 | 11.2
Fighting       | 4 5 6 7 8 9 11 | 11.2
Axes           | 3 4 5 6 8 9 10 | 10.9
Invocations    | 1 2 |  2.0

Action                     |  1- 3 |  4- 6 |  7- 9 | 10-12 || total
---------------------------+-------+-------+-------+-------++-------
  Melee: War axe           |    57 |    93 |   230 |   381 ||   761
         Headbutt          |     3 |    18 |    39 |    81 ||   141
 Invoke: Heroism           |       |       |       |     1 ||     1
         Receive Weapon    |       |       |       |     1 ||     1
         Receive Armour    |       |       |       |     1 ||     1
  Evoke: Wand              |       |       |       |     1 ||     1
    Use: Scroll            |     3 |     4 |    10 |     6 ||    23
         Potion            |     1 |       |       |     3 ||     4
 Armour: Scale mail        |    34 |     1 |       |       ||    35
         Chain mail        |       |    87 |   184 |   575 ||   846
  Dodge: Dodged            |    22 |    48 |    98 |   288 ||   456
  Block: Buckler           |    14 |    17 |    77 |   172 ||   280

Table legend: (Time is in decaauts)
 A = Elapsed time spent in this place.
 B = Non-inter-level travel time spent in this place.
 C = Inter-level travel time spent in this place.
 D = Time resting spent in this place.
 E = Time spent auto-exploring this place.
 F = Levels seen in this place.
 G = Mean time per level.
                   A        B        C        D        E       F      G
               +--------+--------+--------+--------+--------+-----+--------+
         Total |   9802 |   9461 |    341 |     23 |   7414 |  13 |  754.0 |
       Dungeon |   9800 |   9459 |    341 |     23 |   7414 |  12 |  816.7 |
        Temple |      1 |      1 |      0 |      0 |      0 |   1 |    1.0 |
               +--------+--------+--------+--------+--------+-----+--------+

Top non-repeatable levels by time:
    D:10: 1256 daAuts
     D:7: 1138 daAuts
    D:11: 1037 daAuts
     D:9: 1029 daAuts
     D:5: 870 daAuts
     D:4: 777 daAuts
     D:6: 775 daAuts
     D:1: 753 daAuts
     D:8: 748 daAuts
     D:2: 718 daAuts
     D:3: 669 daAuts
    D:12: 25 daAuts
  Temple: 1 daAuts
